BR (22 & UNDER)
WATERTOWN HEADHUNTERS @ PUNTA CANA HUTIAS
08/16/2029
 
TOP OF THE 1ST
Watertown Headhunters batting - Pitching for Punta Cana Hutias : RHP Jeff McIntosh
Pitching: RHP Jeff McIntosh
Batting: RHB Gustavo Martínez 0-0: Fly out, F8 (Flyball, 8RM)
Batting: LHB Mark Watson 0-0: Ball
1-0: Ball
2-0: Called Strike
2-1: Called Strike
2-2: Strikes out swinging
Batting: LHB William Donnelly 0-0: Ball
1-0: Foul Ball, location: 2F
1-1: Ball
2-1: Foul Ball, location: 2F
2-2: Ball
3-2: SOLO HOME RUN (Flyball, 7LD), Distance : 382 ft
Batting: LHB Ángel Figueiedo 0-0: Called Strike
0-1: Ball
1-1: Foul Ball, location: 2F
1-2: Ground out 6-3 (Groundball, 6M)
Top of the 1st over - 1 run, 1 hit, 0 errors, 0 left on base; Watertown 1 - Punta Cana 0
BOTTOM OF THE 1ST
Punta Cana Hutias batting - Pitching for Watertown Headhunters : LHP Arnie Green
Pitching: LHP Arnie Green
Batting: LHB Dave Watkins 0-0: Foul Ball, location: 2F
0-1: Ball
1-1: Swinging Strike
1-2: Fly out, F9 (Flyball, 9)
Batting: LHB Tony Ríos 0-0: Ground out 5-3 (Groundball, 56)
Batting: RHB Mike Martínez 0-0: Ball
1-0: Swinging Strike
1-1: Ball
2-1: Ball
3-1: Base on Balls
Batting: RHB Alfonso Huerta 0-0: Ball
1-0: Foul Ball, location: 2F
1-1: Ball
2-1: Foul Ball, location: 2F
2-2: Ball
3-2: Strikes out swinging
Bottom of the 1st over - 0 runs, 0 hits, 0 errors, 1 left on base; Watertown 1 - Punta Cana 0
TOP OF THE 2ND
Watertown Headhunters batting - Pitching for Punta Cana Hutias : RHP Jeff McIntosh
Batting: RHB Héctor Villarreal 0-0: Called Strike
0-1: Called Strike
0-2: Ball
1-2: Strikes out looking
Batting: RHB António Trevino 0-0: Foul Ball, location: 2F
0-1: Ball
1-1: Swinging Strike
1-2: Foul Ball, location: 2F
1-2: Foul Ball, location: 2F
1-2: Strikes out swinging
Batting: RHB Juan Camacho 0-0: Called Strike
0-1: Foul Ball, location: 2F
0-2: Ball
1-2: Foul Ball, location: 2F
1-2: Strikes out looking
Top of the 2nd over - 0 runs, 0 hits, 0 errors, 0 left on base; Watertown 1 - Punta Cana 0
BOTTOM OF THE 2ND
Punta Cana Hutias batting - Pitching for Watertown Headhunters : LHP Arnie Green
Batting: LHB Luis García 0-0: Ball
1-0: Foul Ball, location: 2F
1-1: Ball
2-1: Foul Ball, location: 2F
2-2: SINGLE (Flyball, 8LS)
Batting: RHB Miguel Gutiérrez 0-0: Ball
1-0: SINGLE (Line Drive, 9S)
Luis García to second
Runner from 2nd tries for 3rd, OUT!
Miguel Gutiérrez to second
Batting: LHB Harry Davis 0-0: Called Strike
0-1: Ball
1-1: Called Strike
1-2: Fly out, F8 (Flyball, 8LM)
Batting: RHB Alfredo Bernard 0-0: Called Strike
0-1: Foul Ball, location: 2F
0-2: Ground out 4-3 (Groundball, 4)
Bottom of the 2nd over - 0 runs, 2 hits, 0 errors, 1 left on base; Watertown 1 - Punta Cana 0
TOP OF THE 3RD
Watertown Headhunters batting - Pitching for Punta Cana Hutias : RHP Jeff McIntosh
Batting: RHB Pedro López 0-0: Called Strike
0-1: Ball
1-1: Ball
2-1: Swinging Strike
2-2: SINGLE (Groundball, 56D)
Batting: RHB Kululu Kijana 0-0: Called Strike
0-1: Ball
1-1: Swinging Strike
1-2: Ball
2-2: Grounds into double play, 6-4-3 (Groundball, 6)
Batting: RHB Gustavo Martínez 0-0: Ball
1-0: DOUBLE (Flyball, 8LD)
Batting: LHB Mark Watson 0-0: Called Strike
0-1: Foul Ball, location: 2F
0-2: Fly out, F8 (Flyball, 8RM)
Top of the 3rd over - 0 runs, 2 hits, 0 errors, 1 left on base; Watertown 1 - Punta Cana 0
BOTTOM OF THE 3RD
Punta Cana Hutias batting - Pitching for Watertown Headhunters : LHP Arnie Green
Batting: LHB Don MacNeill 0-0: Fly out, F7 (Flyball, 78M)
Batting: LHB Dave Watkins 0-0: Foul Ball, location: 2F
0-1: Foul Ball, location: 2F
0-2: Strikes out swinging
Batting: LHB Tony Ríos 0-0: Ball
1-0: Ball
2-0: Ball
3-0: Called Strike
3-1: Foul Ball, location: 2F
3-2: Ground out U3 (Groundball, 3S)
Bottom of the 3rd over - 0 runs, 0 hits, 0 errors, 0 left on base; Watertown 1 - Punta Cana 0
TOP OF THE 4TH
Watertown Headhunters batting - Pitching for Punta Cana Hutias : RHP Jeff McIntosh
Batting: LHB William Donnelly 0-0: Foul Ball, location: 2F
0-1: Ball
1-1: Ground out 6-3 (Groundball, 6M)
Batting: LHB Ángel Figueiedo 0-0: Ball
1-0: SINGLE (Groundball, 34D)
Batting: RHB Héctor Villarreal 0-0: Called Strike
0-1: Fly out, F9 (Flyball, 9)
Batting: RHB António Trevino 0-0: Ball
1-0: SINGLE (Groundball, 56D)
Ángel Figueiedo to second
Batting: RHB Juan Camacho 0-0: Fly out, F8 (Flyball, 8LXD)
Top of the 4th over - 0 runs, 2 hits, 0 errors, 2 left on base; Watertown 1 - Punta Cana 0
BOTTOM OF THE 4TH
Punta Cana Hutias batting - Pitching for Watertown Headhunters : LHP Arnie Green
Batting: RHB Mike Martínez 0-0: Called Strike
0-1: Foul Ball, location: 2F
0-2: Ball
1-2: Ball
2-2: Strikes out looking
Batting: RHB Alfonso Huerta 0-0: Ball
1-0: Called Strike
1-1: Foul Ball, location: 2F
1-2: Foul Ball, location: 2F
1-2: Strikes out swinging
Batting: LHB Luis García 0-0: Swinging Strike
0-1: Ball
1-1: Swinging Strike
1-2: Ground out 5-3 (Groundball, 56)
Bottom of the 4th over - 0 runs, 0 hits, 0 errors, 0 left on base; Watertown 1 - Punta Cana 0
TOP OF THE 5TH
Watertown Headhunters batting - Pitching for Punta Cana Hutias : RHP Jeff McIntosh
Batting: RHB Pedro López 0-0: Swinging Strike
0-1: Ball
1-1: Swinging Strike
1-2: Foul Ball, location: 2F
1-2: Ball
2-2: SINGLE (Groundball, 6MD)
Batting: RHB Kululu Kijana 0-0: Ball
1-0: Called Strike
Pedro López steals 2nd base
1-1: Ball
2-1: Foul Ball, location: 2F
2-2: Strikes out swinging
Batting: RHB Gustavo Martínez 0-0: Ball
1-0: Ground out 1-3 (Groundball, 15)
Batting: LHB Mark Watson 0-0: Called Strike
0-1: Called Strike
0-2: Strikes out swinging
Top of the 5th over - 0 runs, 1 hit, 0 errors, 1 left on base; Watertown 1 - Punta Cana 0
BOTTOM OF THE 5TH
Punta Cana Hutias batting - Pitching for Watertown Headhunters : LHP Arnie Green
Batting: RHB Miguel Gutiérrez 0-0: Called Strike
0-1: Ball
1-1: Fly out, F8 (Flyball, 8RS)
Batting: LHB Harry Davis 0-0: Called Strike
0-1: Ball
1-1: Foul Ball, location: 2F
1-2: Ball
2-2: Ground out 4-3 (Groundball, 4)
Batting: RHB Alfredo Bernard 0-0: Ball
1-0: Ball
2-0: Called Strike
2-1: Fly out, F9 (Flyball, 89M)
Bottom of the 5th over - 0 runs, 0 hits, 0 errors, 0 left on base; Watertown 1 - Punta Cana 0
TOP OF THE 6TH
Watertown Headhunters batting - Pitching for Punta Cana Hutias : RHP Jeff McIntosh
Batting: LHB William Donnelly 0-0: Called Strike
0-1: Ball
1-1: Foul Ball, location: 2F
1-2: Ball
2-2: Foul Ball, location: 2F
2-2: Ground out U3 (Groundball, 34)
Batting: LHB Ángel Figueiedo 0-0: Ball
1-0: SINGLE (Groundball, 4MD)
Pinch Runner at 1st William Mitchell:
Batting: RHB Héctor Villarreal 0-0: Ball
1-0: Called Strike
1-1: Foul Ball, location: 2F
1-2: Fielders Choice at 2nd, 1-4 (Groundball, 15S)
Batting: RHB António Trevino 0-0: Called Strike
Throwing error on steal attempt, E2
Héctor Villarreal to third
0-1: Hit by Pitch
Batting: RHB Juan Camacho 0-0: Called Strike
0-1: Swinging Strike
0-2: Strikes out swinging
Top of the 6th over - 0 runs, 1 hit, 1 error, 2 left on base; Watertown 1 - Punta Cana 0
BOTTOM OF THE 6TH
Punta Cana Hutias batting - Pitching for Watertown Headhunters : LHP Arnie Green
Now at 3B: William Mitchell
Batting: LHB Don MacNeill 0-0: Ball
1-0: Called Strike
1-1: Called Strike
1-2: Strikes out swinging
Batting: LHB Dave Watkins 0-0: Ground out 6-3 (Groundball, 6M)
Batting: LHB Tony Ríos 0-0: Ball
1-0: Called Strike
1-1: Foul Ball, location: 2F
1-2: Strikes out swinging
Bottom of the 6th over - 0 runs, 0 hits, 0 errors, 0 left on base; Watertown 1 - Punta Cana 0
TOP OF THE 7TH
Watertown Headhunters batting - Pitching for Punta Cana Hutias : RHP Jeff McIntosh
Batting: RHB Pedro López 0-0: Called Strike
0-1: Ball
1-1: Called Strike
1-2: Fly out, F3 (Popup, 3SF)
Batting: RHB Kululu Kijana 0-0: Ball
1-0: Ball
2-0: Foul Ball, location: 2F
2-1: Ball
3-1: Base on Balls
Pitching: RHP Ed Castillo
Batting: RHB Gustavo Martínez 0-0: Ball
Kululu Kijana steals 2nd base
1-0: Ball
2-0: Called Strike
2-1: Swinging Strike
2-2: Ground out 6-3 (Groundball, 6)
Batting: LHB Mark Watson 0-0: SINGLE (Line Drive, 4MD)
Kululu Kijana to third
Runner from 3rd tries for Home, SAFE, no throw
Batting: LHB William Donnelly 0-0: Ball
1-0: Foul Ball, location: 2F
1-1: Ball
2-1: Foul Ball, location: 2F
2-2: Foul Ball, location: 2F
2-2: Foul Ball, location: 2F
2-2: Ball
3-2: SINGLE (Flyball, 7S)
Mark Watson to second
Mark Watson to third
Pinch Hitting: LHB Leonardo Torres 0-0: Called Strike
0-1: Ball
1-1: Ball
2-1: Foul Ball, location: 2F
2-2: Strikes out swinging
Top of the 7th over - 1 run, 2 hits, 0 errors, 2 left on base; Watertown 2 - Punta Cana 0
BOTTOM OF THE 7TH
Punta Cana Hutias batting - Pitching for Watertown Headhunters : LHP Arnie Green
Now at 3B: Robinson Martínez
Batting: RHB Mike Martínez 0-0: Called Strike
0-1: Ball
1-1: Called Strike
1-2: Ball
2-2: Foul Ball, location: 2F
2-2: Strikes out swinging
Batting: RHB Alfonso Huerta 0-0: Called Strike
0-1: Ball
1-1: Ball
2-1: Swinging Strike
2-2: Strikes out swinging
Batting: LHB Luis García 0-0: Ground out 6-3 (Groundball, 6M)
Bottom of the 7th over - 0 runs, 0 hits, 0 errors, 0 left on base; Watertown 2 - Punta Cana 0
TOP OF THE 8TH
Watertown Headhunters batting - Pitching for Punta Cana Hutias : RHP Ed Castillo
Batting: RHB Héctor Villarreal 0-0: SOLO HOME RUN (Flyball, 7LD), Distance : 359 ft
Batting: RHB António Trevino 0-0: Ball
1-0: Fly out, F9 (Flyball, 9)
Batting: RHB Juan Camacho 0-0: Ball
1-0: Called Strike
1-1: Called Strike
1-2: Ground out 6-3 (Groundball, 6)
Batting: RHB Pedro López 0-0: SINGLE (Groundball, 34D)
Batting: RHB Kululu Kijana 0-0: Called Strike
0-1: Ball
Pedro López is caught stealing 2nd base
Top of the 8th over - 1 run, 2 hits, 0 errors, 0 left on base; Watertown 3 - Punta Cana 0
BOTTOM OF THE 8TH
Punta Cana Hutias batting - Pitching for Watertown Headhunters : LHP Arnie Green
Batting: RHB Miguel Gutiérrez 0-0: Called Strike
0-1: Called Strike
0-2: Ball
1-2: Strikes out swinging
Batting: LHB Harry Davis 0-0: Swinging Strike
0-1: Ball
1-1: Ball
2-1: Ground out U3 (Groundball, 34)
Batting: RHB Alfredo Bernard 0-0: Ball
1-0: Called Strike
1-1: Called Strike
1-2: Ball
2-2: Strikes out looking
Bottom of the 8th over - 0 runs, 0 hits, 0 errors, 0 left on base; Watertown 3 - Punta Cana 0
TOP OF THE 9TH
Watertown Headhunters batting - Pitching for Punta Cana Hutias : RHP Ed Castillo
Pitching: RHP Andrew Shannon
Batting: RHB Kululu Kijana 0-0: DOUBLE (Line Drive, 8RD)
Batting: RHB Gustavo Martínez 0-0: Called Strike
0-1: Swinging Strike
0-2: Fly out, F8 (Flyball, 8LD)
Batting: LHB Mark Watson 0-0: Ball
1-0: Fly out, F7 (Flyball, 7)
Batting: LHB William Donnelly 0-0: Foul Ball, location: 2F
0-1: Ball
1-1: Ball
2-1: Ball
3-1: Base on Balls
Batting: RHB Robinson Martínez 0-0: Ball
1-0: Foul Ball, location: 2F
1-1: Ball
2-1: Fly out, F8 (Flyball, 8RD)
Top of the 9th over - 0 runs, 1 hit, 0 errors, 2 left on base; Watertown 3 - Punta Cana 0
BOTTOM OF THE 9TH
Punta Cana Hutias batting - Pitching for Watertown Headhunters : LHP Arnie Green
Batting: LHB Don MacNeill 0-0: Called Strike
0-1: Foul Ball, location: 2F
0-2: Ball
1-2: Ground out U3 (Groundball, 3L)
Batting: LHB Dave Watkins 0-0: Ball
1-0: Ball
2-0: Ball
3-0: Called Strike
3-1: Base on Balls
Pitching: RHP Juan García
Batting: LHB Tony Ríos 0-0: Called Strike
0-1: Foul Ball, location: 2F
0-2: Ball
1-2: Foul Ball, location: 2F
1-2: Ball
2-2: Ball
3-2: Strikes out looking
Batting: RHB Mike Martínez 0-0: Fly out, F8 (Line Drive, 89D)
Bottom of the 9th over - 0 runs, 0 hits, 0 errors, 1 left on base; Watertown 3 - Punta Cana 0
Saturday, December 16th, 2017 - OOTP Baseball 18.8 Build 76